Comets vs Condors
Created - December 3, 2024 at 22:12
Goals
|
Comets |
2 |
0 |
1 |
3 |
Condors |
1 |
3 |
1 |
5 |
|
Shots
|
Comets |
16 |
8 |
20 |
44 |
Condors |
8 |
16 |
9 |
33 |
|
1st period
1. Comets , Alexandre Texier 7 (John Hayden 7, Jake Bean 5) at 9:48
2. Comets , Eeli Tolvanen 3 (Vincent Desharnais 6, Alexandre Texier 6) at 18:29
3. Condors , Yegor Sharangovich 7 (Adam Erne 18, Tyson Jost 13) at 19:28
Penalties :
Evan Bouchard (Bak) for High sticking (Minor) at 16:14
2nd period
4. Condors , Tyson Jost 10 (Jordan Subban 4) at 3:41
5. Condors , Raphael Lavoie 1 (Pontus Holmberg 3, Gustav Olofsson 4) at 11:48
6. Condors , Yegor Sharangovich 8 (Adam Erne 19) at 19:11
Penalties :
Vincent Desharnais (Uti) for Interference (Minor) at 0:21
3rd period
7. Condors , Yegor Sharangovich 9 (Adam Erne 20, Tyson Jost 14) at 5:58
8. Comets , Joonas Donskoi 13 (Brett Seney 13, Valeri Nichushkin 4) at 16:16
Penalties :
Jake Bean (Uti) for Holding (Minor) at 8:47, Cody Glass (Bak) for Delaying the game (Minor) at 16:19
Goalie Stats
Juuse Saros (Uti), 28 saves from 33 shots - (0.848), L, 5-5-2, 60:00 minutes
Stuart Skinner (Bak), 41 saves from 44 shots - (0.932), W, 4-7-1, 60:00 minutes
Players Stats for Comets
Player Name G A P +/- PIM S H SB GA TA FO MP PP MP PK MP
------------------------------------------------------------------------------------
Alex Turcotte 0 0 0 0 0 0 1 0 0 0 0/0 7:32 0:00 0:00
Alexandre Texier 1 1 2 2 0 4 0 1 0 1 0/0 12:07 0:01 0:00
Brett Howden 0 0 0 -3 0 3 0 0 0 2 7/15 17:15 1:40 1:14
Brett Seney 0 1 1 -1 0 5 0 0 2 0 15/38 22:08 2:17 1:54
Christian Wolanin 0 0 0 -1 0 2 2 1 0 0 0/0 23:04 2:33 2:21
Conor Garland 0 0 0 -3 0 3 0 0 1 1 0/1 16:24 1:40 0:00
David Kase 0 0 0 1 0 2 1 0 1 0 0/0 7:49 0:01 0:00
Eeli Tolvanen 1 0 1 2 0 3 0 0 0 0 0/1 12:06 0:01 0:00
Filip Roos 0 0 0 0 0 0 1 0 0 0 0/0 3:55 0:00 0:00
Ilya Lyubushkin 0 0 0 -1 0 2 2 2 0 1 0/0 26:59 2:33 2:21
Jake Bean 0 1 1 -2 2 4 1 0 0 0 0/0 18:00 1:25 0:45
John Hayden 0 1 1 1 0 2 1 0 0 0 4/10 12:32 0:00 0:50
Joonas Donskoi 1 0 1 -1 0 4 4 0 2 0 1/2 20:42 2:17 0:37
Marcus Bjork 0 0 0 1 0 0 0 2 0 0 0/0 14:53 0:00 0:36
Mason Marchment 0 0 0 -3 0 0 0 0 0 0 0/2 18:12 1:40 1:54
Nicolas Roy 0 0 0 0 0 2 0 1 1 0 4/6 7:32 0:00 0:00
Valeri Nichushkin 0 1 1 -1 0 4 0 0 0 1 1/3 21:33 2:17 1:27
Vincent Desharnais 0 1 1 1 2 2 0 1 0 0 0/0 14:33 0:00 0:16
Wyatt Kalynuk 0 0 0 -2 0 2 1 0 0 0 0/0 18:44 1:25 1:37
Players Stats for Condors
Player Name G A P +/- PIM S H SB GA TA FO MP PP MP PK MP
------------------------------------------------------------------------------------
Adam Erne 0 3 3 4 0 4 3 0 1 0 3/4 23:40 2:03 2:23
Alexander Alexeyev 0 0 0 -1 0 0 1 0 0 0 0/0 20:16 1:42 1:20
Alexandre Carrier 0 0 0 1 0 3 1 4 0 3 0/0 28:34 2:16 2:38
Cody Glass 0 0 0 -2 2 2 1 1 0 0 0/0 11:41 0:00 0:00
Connor Hurley 0 0 0 -2 0 2 2 1 0 0 4/10 10:52 0:00 0:00
Evan Bouchard 0 0 0 -1 2 0 2 3 0 1 0/0 24:30 2:16 1:22
Gustav Olofsson 0 1 1 -1 0 1 2 1 0 1 0/0 20:29 1:42 1:20
Jordan Subban 0 1 1 2 0 1 0 3 0 0 0/0 11:32 0:00 0:35
Klim Kostin 0 0 0 -1 0 1 1 0 1 0 0/0 18:54 1:46 1:17
Martin Frk 0 0 0 0 0 4 1 0 0 0 1/1 17:32 2:12 0:00
Nick Shore 0 0 0 0 0 6 3 0 3 0 11/16 19:47 2:12 2:22
Nikolai Knyzhov 0 0 0 2 0 0 2 0 0 0 0/0 11:38 0:00 0:41
Philip Broberg 0 0 0 1 0 0 0 0 0 0 0/0 3:16 0:00 0:00
Pontus Holmberg 0 1 1 1 0 1 0 0 0 0 0/0 5:27 0:00 0:00
Raphael Lavoie 1 0 1 1 0 1 0 0 0 0 0/0 5:27 0:00 0:00
Ryan McLeod 0 0 0 1 0 0 0 0 0 0 0/1 6:14 0:00 0:10
Taro Hirose 0 0 0 -2 0 1 1 0 0 0 1/1 11:53 0:09 0:12
Tyson Jost 1 2 3 3 0 2 1 2 0 1 26/45 22:09 1:46 0:35
Yegor Sharangovich 3 0 3 4 0 4 0 0 1 1 0/0 22:09 1:46 0:57
3 Stars
1 - Yegor Sharangovich (Bak)
2 - Tyson Jost (Bak)
3 - Adam Erne (Bak)
Power Play
Comets - 0 on 2 Attempt(s) - 0.00%
Condors - 0 on 2 Attempt(s) - 0.00%
Penalty Kill
Comets - 2 on 2 Attempt(s) - 100.00%
- Score 0 goal in Penalty Kill
Condors - 2 on 2 Attempt(s) - 100.00%
- Score 0 goal in Penalty Kill
Team Stat
Comets - Hits : 14 - Faceoff Wins : 32 - Blocked Shots : 8 - Penalty Minutes : 4
Condors - Hits : 21 - Faceoff Wins : 46 - Blocked Shots : 15 - Penalty Minutes : 4
Official
Referees : Garrett Rank and Dean Morton
Linesman : Vaughan Rody and Mark Shewchyk
Game Notes
Yegor Sharangovich has scored a Hat Trick!
Finance
Level 1 -- Attendance: 1955 (97.75%) -- Ticket Income $136,850
Level 2 -- Attendance: 1000 (100.00%) -- Ticket Income $40,000
Total Attendance: 2955 (98.50%)
Total Ticket Income: $176,850
Other Income: $8,842
Total Income: $185,692
Comets
5 vs 5 Forward
Center Left Wing Right Wing Time % Phy DF OF
1 Brett Seney Valeri Nichushkin Joonas Donskoi 35 0 2 3
2 Brett Howden Mason Marchment Conor Garland 28 0 2 3
3 John Hayden Eeli Tolvanen Alexandre Texier 22 0 2 3
4 Nicolas Roy Alex Turcotte David Kase 15 0 2 3
5 vs 5 Defense
Defense Defense Time % Phy DF OF
1 Ilya Lyubushkin Christian Wolanin 35 1 3 1
2 Jake Bean Wyatt Kalynuk 30 1 3 1
3 Marcus Bjork Vincent Desharnais 25 1 3 1
4 Filip Roos Ilya Lyubushkin 10 1 3 1
PowerPlay Forward
Center Left Wing Right Wing Time % Phy DF OF
1 Brett Seney Valeri Nichushkin Joonas Donskoi 60 0 0 5
2 Brett Howden Mason Marchment Conor Garland 40 0 0 5
PowerPlay Defense
Defense Defense Time % Phy DF OF
1 Ilya Lyubushkin Christian Wolanin 60 0 2 3
2 Jake Bean Wyatt Kalynuk 40 0 2 3
Penalty Kill 4 Players Forward
Center Wing Time % Phy DF OF
1 Brett Seney Mason Marchment 60 1 3 1
2 Brett Howden Joonas Donskoi 40 1 3 1
Penalty Kill 4 Players Defense
Defense Defense Time % Phy DF OF
1 Ilya Lyubushkin Christian Wolanin 60 1 4 0
2 Jake Bean Wyatt Kalynuk 40 1 4 0
Penalty Kill - 3 Players Forward
Forward Time % Phy DF OF
1 Brett Seney 60 1 3 1
2 Brett Howden 40 1 3 1
Penalty Kill - 3 Players Defense
Defense Defense Time % Phy DF OF
1 Ilya Lyubushkin Christian Wolanin 60 1 4 0
2 Jake Bean Wyatt Kalynuk 40 1 4 0
4 vs 4 Forward
Center Wing Time % Phy DF OF
1 Brett Seney Valeri Nichushkin 60 0 2 3
2 Brett Howden Mason Marchment 40 0 2 3
4 vs 4 Defense
Defense Defense Time % Phy DF OF
1 Ilya Lyubushkin Christian Wolanin 60 0 3 2
2 Jake Bean Wyatt Kalynuk 40 0 3 2
Last Minutes Offensive
Center Left Wing Right Wing Defense Defense
Brett Seney Mason Marchment Conor Garland Ilya Lyubushkin Christian Wolanin
Last Minutes Defensive
Center Left Wing Right Wing Defense Defense
Brett Seney Mason Marchment Conor Garland Ilya Lyubushkin Christian Wolanin
Goaltenders
Starting : Juuse Saros
Backup : Akira Schmid
Extra Forwards
Normal : Conor Garland, Alexandre Texier, Eeli Tolvanen - PP : Brett Howden, Alexandre Texier - PK : Brett Howden
Extra Defensemen
Normal : Marcus Bjork, Vincent Desharnais, Filip Roos - PP : Marcus Bjork - PK : Marcus Bjork, Vincent Desharnais
Penalty Shots
Valeri Nichushkin, Alexandre Texier, Brett Seney, Joonas Donskoi, Eeli Tolvanen
Custom OT Lines Forwards
Valeri Nichushkin, Brett Seney, Conor Garland, Joonas Donskoi, Brett Howden, Mason Marchment, Alexandre Texier, Eeli Tolvanen, John Hayden, David Kase
Custom OT Lines Defensemen
Ilya Lyubushkin, Christian Wolanin, Jake Bean, Wyatt Kalynuk, Marcus Bjork
Scratches
Cristiano Digiacinto (Healthy), Nikita Nesterenko (Healthy), Graeme Clarke (Healthy)
Condors
5 vs 5 Forward
Center Left Wing Right Wing Time % Phy DF OF
1 Tyson Jost Adam Erne Yegor Sharangovich 40 1 2 2
2 Nick Shore Klim Kostin Martin Frk 30 1 2 2
3 Connor Hurley Taro Hirose Cody Glass 20 1 2 2
4 Ryan McLeod Raphael Lavoie Pontus Holmberg 10 1 2 2
5 vs 5 Defense
Defense Defense Time % Phy DF OF
1 Alexandre Carrier Evan Bouchard 40 1 2 2
2 Gustav Olofsson Alexander Alexeyev 30 1 2 2
3 Jordan Subban Nikolai Knyzhov 20 1 2 2
4 Philip Broberg Alexandre Carrier 10 1 2 2
PowerPlay Forward
Center Left Wing Right Wing Time % Phy DF OF
1 Nick Shore Adam Erne Martin Frk 60 1 2 2
2 Tyson Jost Klim Kostin Yegor Sharangovich 40 1 2 2
PowerPlay Defense
Defense Defense Time % Phy DF OF
1 Alexandre Carrier Evan Bouchard 60 1 2 2
2 Gustav Olofsson Alexander Alexeyev 40 1 2 2
Penalty Kill 4 Players Forward
Center Wing Time % Phy DF OF
1 Nick Shore Adam Erne 60 1 2 2
2 Tyson Jost Klim Kostin 40 1 2 2
Penalty Kill 4 Players Defense
Defense Defense Time % Phy DF OF
1 Alexandre Carrier Evan Bouchard 60 1 2 2
2 Gustav Olofsson Alexander Alexeyev 40 1 2 2
Penalty Kill - 3 Players Forward
Forward Time % Phy DF OF
1 Nick Shore 60 1 2 2
2 Tyson Jost 40 1 2 2
Penalty Kill - 3 Players Defense
Defense Defense Time % Phy DF OF
1 Alexandre Carrier Evan Bouchard 60 1 2 2
2 Gustav Olofsson Alexander Alexeyev 40 1 2 2
4 vs 4 Forward
Center Wing Time % Phy DF OF
1 Nick Shore Adam Erne 60 1 2 2
2 Tyson Jost Klim Kostin 40 1 2 2
4 vs 4 Defense
Defense Defense Time % Phy DF OF
1 Alexandre Carrier Evan Bouchard 60 1 2 2
2 Gustav Olofsson Alexander Alexeyev 40 1 2 2
Last Minutes Offensive
Center Left Wing Right Wing Defense Defense
Nick Shore Adam Erne Martin Frk Alexandre Carrier Evan Bouchard
Last Minutes Defensive
Center Left Wing Right Wing Defense Defense
Nick Shore Adam Erne Martin Frk Alexandre Carrier Evan Bouchard
Goaltenders
Starting : Stuart Skinner
Backup : Jaxson Stauber
Extra Forwards
Normal : Yegor Sharangovich, Klim Kostin, Taro Hirose - PP : Yegor Sharangovich, Klim Kostin - PK : Yegor Sharangovich
Extra Defensemen
Normal : Jordan Subban, Nikolai Knyzhov, Philip Broberg - PP : Jordan Subban - PK : Jordan Subban, Nikolai Knyzhov
Penalty Shots
Adam Erne, Martin Frk, Nick Shore, Tyson Jost, Yegor Sharangovich
Custom OT Lines Forwards
Adam Erne, Martin Frk, Nick Shore, Tyson Jost, Yegor Sharangovich, Klim Kostin, Taro Hirose, Cody Glass, Connor Hurley, Pontus Holmberg
Custom OT Lines Defensemen
Alexandre Carrier, Evan Bouchard, Gustav Olofsson, Alexander Alexeyev, Jordan Subban
Scratches
Cole Cassels (Healthy), Colin White (Healthy), Semyon Der-Arguchintsev (Healthy), Jeremy Gregoire (Healthy), Robin Salo (Healthy)
Filip Kral (Healthy), Brayden Pachal (Healthy), Remi Elie (Healthy), Filip Johansson (Healthy), Lucas Johansen (Healthy)
Cole Fonstad (Healthy), Jack Perbix (Healthy), Filip Cederqvist (Healthy), Michael Dipietro (Healthy)
% Time on Ice - Comets
Lines # - Real PCT - Wanted PCT - Time Play
Normal Forward
1 - 36% - 35% - 19:00
2 - 28% - 28% - 14:21
3 - 21% - 22% - 11:11
4 - 14% - 15% - 7:32
Normal Defense
1 - 35% - 35% - 18:10
2 - 30% - 30% - 15:42
3 - 27% - 25% - 14:17
4 - 8% - 10% - 3:55
PP Forward
1 - 58% - 60% - 2:18
2 - 42% - 40% - 1:40
PP Defense
1 - 64% - 60% - 2:33
2 - 36% - 40% - 1:25
PK Forward
1 - 84% - 60% - 3:21
2 - 16% - 40% - 0:37
PK Defense
1 - 59% - 60% - 2:21
2 - 41% - 40% - 1:37
PK3 Forward
1 - 0% - 60%
2 - 0% - 40%
PK3 Defense
1 - 0% - 60%
2 - 0% - 40%
44 Forward
1 - 0% - 60%
2 - 0% - 40%
44 Defense
1 - 0% - 60%
2 - 0% - 40%
Last Minute Offensive - 0:00
Last Minute Defensive - 0:00
Total
Forward - 60:00
Defense - 60:00
|
% Time on Ice - Condors
Lines # - Real PCT - Wanted PCT - Time Play
Normal Forward
1 - 39% - 40% - 20:10
2 - 30% - 30% - 15:35
3 - 21% - 20% - 10:52
4 - 10% - 10% - 5:27
Normal Defense
1 - 40% - 40% - 20:37
2 - 33% - 30% - 17:14
3 - 21% - 20% - 10:57
4 - 6% - 10% - 3:16
PP Forward
1 - 55% - 60% - 2:12
2 - 45% - 40% - 1:46
PP Defense
1 - 57% - 60% - 2:16
2 - 43% - 40% - 1:42
PK Forward
1 - 85% - 60% - 3:23
2 - 15% - 40% - 0:35
PK Defense
1 - 66% - 60% - 2:38
2 - 34% - 40% - 1:20
PK3 Forward
1 - 0% - 60%
2 - 0% - 40%
PK3 Defense
1 - 0% - 60%
2 - 0% - 40%
44 Forward
1 - 0% - 60%
2 - 0% - 40%
44 Defense
1 - 0% - 60%
2 - 0% - 40%
Last Minute Offensive - 0:00
Last Minute Defensive - 0:00
Total
Forward - 60:00
Defense - 60:00
|
Play-by-Play
1st period
0:01 of 1st period - Brett Seney wins face-off versus Tyson Jost in neutral zone.
1:12 of 1st period - Alexander Alexeyev is hit by David Kase and loses puck.
1:28 of 1st period - Icing by Taro Hirose.
1:29 of 1st period - Tyson Jost wins face-off versus Brett Seney in Condors zone.
2:24 of 1st period - Wrist shot by Eeli Tolvanen.
2:24 of 1st period - Shot Blocked by Cody Glass.
2:26 of 1st period - Slapshot by Wyatt Kalynuk.
2:26 of 1st period - Deflect By Eeli Tolvanen.
2:26 of 1st period - Stopped by Stuart Skinner with a rebound.
2:28 of 1st period - Slapshot by John Hayden.
2:28 of 1st period - Shot Blocked by Alexandre Carrier.
2:30 of 1st period - Snap shot by John Hayden.
2:30 of 1st period - Shot Blocked by Connor Hurley.
2:32 of 1st period - Slapshot by Wyatt Kalynuk.
2:32 of 1st period - Shot Blocked by Alexandre Carrier.
2:52 of 1st period - Wrist shot by Pontus Holmberg.
2:52 of 1st period - Stopped by Juuse Saros with a rebound.
2:54 of 1st period - Snap shot by Raphael Lavoie.
2:54 of 1st period - Shot Misses the Net.
3:06 of 1st period - Slapshot by Nicolas Roy.
3:06 of 1st period - Shot Blocked by Jordan Subban.
3:08 of 1st period - Slapshot by Ilya Lyubushkin.
3:08 of 1st period - Shot Blocked by Jordan Subban.
3:10 of 1st period - Snap shot by Nicolas Roy.
3:10 of 1st period - Stopped by Stuart Skinner with a rebound.
3:12 of 1st period - Snap shot by Ilya Lyubushkin.
3:12 of 1st period - Stopped by Stuart Skinner with a rebound.
4:56 of 1st period - Gustav Olofsson is hit by John Hayden and loses puck.
5:23 of 1st period - Christian Wolanin is hit by Nikolai Knyzhov and loses puck.
5:29 of 1st period - Off-side.
5:30 of 1st period - Tyson Jost wins face-off versus Brett Seney in neutral zone.
6:15 of 1st period - Snap shot by Cody Glass.
6:15 of 1st period - Deflect By Connor Hurley.
6:15 of 1st period - Stopped by Juuse Saros without a rebound.
6:16 of 1st period - John Hayden wins face-off versus Connor Hurley in Comets zone.
6:30 of 1st period - Off-side.
6:31 of 1st period - Tyson Jost wins face-off versus Valeri Nichushkin in neutral zone.
6:56 of 1st period - Ilya Lyubushkin is hit by Martin Frk and loses puck.
7:07 of 1st period - Snap shot by Conor Garland.
7:07 of 1st period - Shot Blocked by Evan Bouchard.
7:19 of 1st period - Ryan McLeod is hit by Wyatt Kalynuk and loses puck.
7:26 of 1st period - Snap shot by Alexandre Carrier.
7:26 of 1st period - Stopped by Juuse Saros without a rebound.
7:27 of 1st period - Tyson Jost wins face-off versus Brett Seney in Comets zone.
7:54 of 1st period - Christian Wolanin is hit by Gustav Olofsson and loses puck.
8:20 of 1st period - Connor Hurley is hit by Ilya Lyubushkin and loses puck.
8:34 of 1st period - Off-side.
8:35 of 1st period - Tyson Jost wins face-off versus Brett Seney in neutral zone.
9:01 of 1st period - Vincent Desharnais is hit by Nick Shore and loses puck.
9:10 of 1st period - Wrist shot by Nick Shore.
9:10 of 1st period - Stopped by Juuse Saros with a rebound.
9:12 of 1st period - Slapshot by Gustav Olofsson.
9:12 of 1st period - Stopped by Juuse Saros with a rebound.
9:48 of 1st period - Snap shot by Alexandre Texier.
9:48 of 1st period - Goal by Alexandre Texier - Comets : 1 - Condors : 0.
9:49 of 1st period - Brett Seney wins face-off versus Tyson Jost in neutral zone.
10:46 of 1st period - Cody Glass is hit by Filip Roos and loses puck.
11:01 of 1st period - Pontus Holmberg is hit by Joonas Donskoi and loses puck.
11:23 of 1st period - Tyson Jost is hit by Alex Turcotte and loses puck.
11:42 of 1st period - Wrist shot by Brett Howden.
11:42 of 1st period - Stopped by Stuart Skinner without a rebound.
11:43 of 1st period - Brett Howden wins face-off versus Nick Shore in Condors zone.
11:58 of 1st period - Wrist shot by Conor Garland.
11:58 of 1st period - Stopped by Stuart Skinner with a rebound.
12:13 of 1st period - Slapshot by Conor Garland.
12:13 of 1st period - Stopped by Stuart Skinner with a rebound.
12:15 of 1st period - Slapshot by Marcus Bjork.
12:15 of 1st period - Deflect By Conor Garland.
12:15 of 1st period - Shot Misses the Net.
12:15 of 1st period - Puck is out of play.
12:16 of 1st period - Adam Erne wins face-off versus Brett Seney in Condors zone.
12:31 of 1st period - Snap shot by Adam Erne.
12:31 of 1st period - Stopped by Juuse Saros with a rebound.
12:41 of 1st period - Connor Hurley is hit by Ilya Lyubushkin.
12:42 of 1st period - Icing by Connor Hurley.
12:43 of 1st period - John Hayden wins face-off versus Connor Hurley in Condors zone.
12:55 of 1st period - Off-side.
12:56 of 1st period - Tyson Jost wins face-off versus Brett Seney in neutral zone.
13:07 of 1st period - Slapshot by Valeri Nichushkin.
13:07 of 1st period - Stopped by Stuart Skinner without a rebound.
13:08 of 1st period - Brett Seney wins face-off versus Tyson Jost in Condors zone.
13:16 of 1st period - Icing by Alexandre Carrier.
13:17 of 1st period - Joonas Donskoi wins face-off versus Tyson Jost in Condors zone.
13:28 of 1st period - Snap shot by Valeri Nichushkin.
13:28 of 1st period - Deflect By Brett Seney.
13:28 of 1st period - Shot Blocked by Alexandre Carrier.
13:28 of 1st period - Puck is out of play.
13:29 of 1st period - Tyson Jost wins face-off versus Brett Seney in Condors zone.
13:44 of 1st period - Wrist shot by Adam Erne.
13:44 of 1st period - Shot Misses the Net.
14:03 of 1st period - Snap shot by Nick Shore.
14:03 of 1st period - Stopped by Juuse Saros without a rebound.
14:04 of 1st period - Tyson Jost wins face-off versus John Hayden in Comets zone.
14:07 of 1st period - Snap shot by Tyson Jost.
14:07 of 1st period - Shot Misses the Net.
14:13 of 1st period - Slapshot by Christian Wolanin.
14:13 of 1st period - Stopped by Stuart Skinner with a rebound.
14:15 of 1st period - Wrist shot by Ilya Lyubushkin.
14:15 of 1st period - Stopped by Stuart Skinner with a rebound.
14:17 of 1st period - Slapshot by Alexandre Texier.
14:17 of 1st period - Shot Blocked by Tyson Jost.
14:19 of 1st period - Slapshot by Ilya Lyubushkin.
14:19 of 1st period - Shot Blocked by Gustav Olofsson.
14:57 of 1st period - Snap shot by Nicolas Roy.
14:57 of 1st period - Shot Misses the Net.
14:59 of 1st period - Slapshot by Wyatt Kalynuk.
14:59 of 1st period - Stopped by Stuart Skinner with a rebound.
15:01 of 1st period - Snap shot by David Kase.
15:01 of 1st period - Stopped by Stuart Skinner without a rebound.
15:02 of 1st period - Brett Howden wins face-off versus Tyson Jost in Condors zone.
15:34 of 1st period - Snap shot by Martin Frk.
15:34 of 1st period - Shot Misses the Net.
15:46 of 1st period - Joonas Donskoi is hit by Nick Shore.
16:04 of 1st period - Snap shot by Brett Seney.
16:04 of 1st period - Stopped by Stuart Skinner without a rebound.
16:05 of 1st period - Tyson Jost wins face-off versus Brett Howden in Condors zone.
16:10 of 1st period - Snap shot by Conor Garland.
16:10 of 1st period - Shot Misses the Net.
16:12 of 1st period - Wrist shot by Jake Bean.
16:12 of 1st period - Stopped by Stuart Skinner with a rebound.
16:14 of 1st period - Minor Penalty to Evan Bouchard for High sticking.
16:15 of 1st period - Nick Shore wins face-off versus Valeri Nichushkin in Condors zone.
17:55 of 1st period - Alexander Alexeyev is hit by Jake Bean and loses puck.
18:14 of 1st period - Penalty to Evan Bouchard is over, Evan Bouchard is back on ice.
18:16 of 1st period - Gustav Olofsson is hit by Christian Wolanin and loses puck.
18:25 of 1st period - Wrist shot by Eeli Tolvanen.
18:25 of 1st period - Shot Blocked by Evan Bouchard.
18:27 of 1st period - Snap shot by Vincent Desharnais.
18:27 of 1st period - Stopped by Stuart Skinner with a rebound.
18:29 of 1st period - Snap shot by Eeli Tolvanen.
18:29 of 1st period - Goal by Eeli Tolvanen - Comets : 2 - Condors : 0.
18:30 of 1st period - John Hayden wins face-off versus Tyson Jost in neutral zone.
19:12 of 1st period - Icing by Conor Garland.
19:13 of 1st period - Nick Shore wins face-off versus Brett Howden in Comets zone.
19:26 of 1st period - Backhand shot by Adam Erne.
19:26 of 1st period - Shot Misses the Net.
19:28 of 1st period - Slapshot by Yegor Sharangovich.
19:28 of 1st period - Goal by Yegor Sharangovich - Comets : 2 - Condors : 1.
19:29 of 1st period - Brett Seney wins face-off versus Tyson Jost in neutral zone.
Goals for this period are 2 for Comets vs 1 for Condors.
Shots for this period are 16 for Comets vs 8 for Condors.
2nd period
0:01 of 2nd period - Tyson Jost wins face-off versus Joonas Donskoi in neutral zone.
0:21 of 2nd period - Minor Penalty to Vincent Desharnais for Interference.
0:22 of 2nd period - Brett Seney wins face-off versus Nick Shore in Comets zone.
0:36 of 2nd period - Ilya Lyubushkin is hit by Adam Erne and loses puck.
2:21 of 2nd period - Penalty to Vincent Desharnais is over, Vincent Desharnais is back on ice.
2:31 of 2nd period - Wrist shot by Pontus Holmberg.
2:31 of 2nd period - Shot Blocked by Marcus Bjork.
2:33 of 2nd period - Snap shot by Ryan McLeod.
2:33 of 2nd period - Shot Blocked by Nicolas Roy.
2:35 of 2nd period - Slapshot by Jordan Subban.
2:35 of 2nd period - Shot Misses the Net.
2:37 of 2nd period - Slapshot by Nikolai Knyzhov.
2:37 of 2nd period - Shot Blocked by Marcus Bjork.
2:56 of 2nd period - Marcus Bjork is hit by Connor Hurley and loses puck.
3:03 of 2nd period - Alexandre Texier is hit by Connor Hurley and loses puck.
3:22 of 2nd period - Eeli Tolvanen is hit by Cody Glass and loses puck.
3:35 of 2nd period - Snap shot by Cody Glass.
3:35 of 2nd period - Stopped by Juuse Saros without a rebound.
3:36 of 2nd period - Brett Howden wins face-off versus Tyson Jost in Comets zone.
3:41 of 2nd period - Snap shot by Tyson Jost.
3:41 of 2nd period - Goal by Tyson Jost - Comets : 2 - Condors : 2.
3:42 of 2nd period - Brett Seney wins face-off versus Tyson Jost in neutral zone.
3:55 of 2nd period - Wrist shot by Brett Seney.
3:55 of 2nd period - Stopped by Stuart Skinner with a rebound.
3:57 of 2nd period - Slapshot by Wyatt Kalynuk.
3:57 of 2nd period - Shot Blocked by Alexandre Carrier.
4:09 of 2nd period - Conor Garland is hit by Evan Bouchard and loses puck.
4:26 of 2nd period - Slapshot by Alexandre Texier.
4:26 of 2nd period - Shot Misses the Net.
4:34 of 2nd period - Alexandre Texier is hit by Nick Shore and loses puck.
4:41 of 2nd period - Wrist shot by Martin Frk.
4:41 of 2nd period - Stopped by Juuse Saros with a rebound.
5:03 of 2nd period - Snap shot by Nicolas Roy.
5:03 of 2nd period - Shot Misses the Net.
5:10 of 2nd period - Icing by Alexander Alexeyev.
5:11 of 2nd period - Tyson Jost wins face-off versus Brett Seney in Condors zone.
5:22 of 2nd period - Wrist shot by Connor Hurley.
5:22 of 2nd period - Stopped by Juuse Saros with a rebound.
5:24 of 2nd period - Snap shot by Cody Glass.
5:24 of 2nd period - Stopped by Juuse Saros without a rebound.
5:25 of 2nd period - Tyson Jost wins face-off versus Brett Howden in Comets zone.
5:30 of 2nd period - Wrist shot by Adam Erne.
5:30 of 2nd period - Shot Misses the Net.
5:39 of 2nd period - Icing by Christian Wolanin.
5:40 of 2nd period - Nick Shore wins face-off versus Brett Howden in Comets zone.
5:41 of 2nd period - Wrist shot by Martin Frk.
5:41 of 2nd period - Stopped by Juuse Saros without a rebound.
5:42 of 2nd period - Nick Shore wins face-off versus Brett Seney in Comets zone.
6:14 of 2nd period - Wrist shot by Adam Erne.
6:14 of 2nd period - Stopped by Juuse Saros with a rebound.
6:54 of 2nd period - John Hayden is hit by Alexander Alexeyev and loses puck.
7:23 of 2nd period - Snap shot by Brett Seney.
7:23 of 2nd period - Shot Blocked by Evan Bouchard.
8:04 of 2nd period - Snap shot by David Kase.
8:04 of 2nd period - Stopped by Stuart Skinner without a rebound.
8:05 of 2nd period - Tyson Jost wins face-off versus Brett Seney in Condors zone.
8:19 of 2nd period - Off-side.
8:20 of 2nd period - Nick Shore wins face-off versus Conor Garland in neutral zone.
9:05 of 2nd period - Wrist shot by Conor Garland.
9:05 of 2nd period - Shot Misses the Net.
9:14 of 2nd period - Icing by Mason Marchment.
9:15 of 2nd period - Brett Seney wins face-off versus Tyson Jost in Comets zone.
9:20 of 2nd period - Evan Bouchard is hit by Joonas Donskoi and loses puck.
9:39 of 2nd period - Valeri Nichushkin is hit by Tyson Jost and loses puck.
10:04 of 2nd period - Tyson Jost is hit by Joonas Donskoi and loses puck.
10:27 of 2nd period - Snap shot by Brett Seney.
10:27 of 2nd period - Stopped by Stuart Skinner without a rebound.
10:28 of 2nd period - Brett Howden wins face-off versus Nick Shore in Condors zone.
10:53 of 2nd period - John Hayden is hit by Taro Hirose and loses puck.
11:00 of 2nd period - Snap shot by Taro Hirose.
11:00 of 2nd period - Shot Blocked by Alexandre Texier.
11:20 of 2nd period - Wrist shot by David Kase.
11:20 of 2nd period - Deflect By Nicolas Roy.
11:20 of 2nd period - Stopped by Stuart Skinner without a rebound.
11:21 of 2nd period - Brett Howden wins face-off versus Ryan McLeod in Condors zone.
11:46 of 2nd period - Snap shot by Pontus Holmberg.
11:46 of 2nd period - Shot Blocked by Ilya Lyubushkin.
11:48 of 2nd period - Wrist shot by Raphael Lavoie.
11:48 of 2nd period - Goal by Raphael Lavoie - Comets : 2 - Condors : 3.
11:49 of 2nd period - Tyson Jost wins face-off versus Brett Seney in neutral zone.
11:51 of 2nd period - Off-side.
11:52 of 2nd period - Brett Seney wins face-off versus Tyson Jost in neutral zone.
11:59 of 2nd period - Snap shot by Adam Erne.
11:59 of 2nd period - Stopped by Juuse Saros without a rebound.
12:00 of 2nd period - Tyson Jost wins face-off versus Brett Seney in Comets zone.
12:27 of 2nd period - Evan Bouchard is hit by Christian Wolanin and loses puck.
12:55 of 2nd period - Snap shot by Brett Howden.
12:55 of 2nd period - Deflect By Cody Glass.
12:55 of 2nd period - Stopped by Stuart Skinner with a rebound.
12:57 of 2nd period - Slapshot by Vincent Desharnais.
12:57 of 2nd period - Shot Misses the Net.
13:04 of 2nd period - Icing by Gustav Olofsson.
13:05 of 2nd period - Nicolas Roy wins face-off versus Connor Hurley in Condors zone.
13:14 of 2nd period - Snap shot by Tyson Jost.
13:14 of 2nd period - Shot Misses the Net.
13:30 of 2nd period - Martin Frk is hit by Joonas Donskoi and loses puck.
14:17 of 2nd period - Slapshot by Christian Wolanin.
14:17 of 2nd period - Deflect By Alexandre Carrier.
14:17 of 2nd period - Stopped by Stuart Skinner with a rebound.
14:35 of 2nd period - Snap shot by Tyson Jost.
14:35 of 2nd period - Shot Blocked by Ilya Lyubushkin.
14:37 of 2nd period - Slapshot by Adam Erne.
14:37 of 2nd period - Stopped by Juuse Saros without a rebound.
14:38 of 2nd period - Tyson Jost wins face-off versus Brett Seney in Comets zone.
15:24 of 2nd period - Wrist shot by Conor Garland.
15:24 of 2nd period - Stopped by Stuart Skinner without a rebound.
15:25 of 2nd period - Connor Hurley wins face-off versus Brett Howden in Condors zone.
15:33 of 2nd period - Off-side.
15:34 of 2nd period - Tyson Jost wins face-off versus Brett Seney in neutral zone.
16:08 of 2nd period - Snap shot by Alexandre Texier.
16:08 of 2nd period - Shot Blocked by Jordan Subban.
16:18 of 2nd period - Wyatt Kalynuk is hit by Nikolai Knyzhov and loses puck.
17:06 of 2nd period - Snap shot by Nick Shore.
17:06 of 2nd period - Stopped by Juuse Saros without a rebound.
17:07 of 2nd period - John Hayden wins face-off versus Tyson Jost in Comets zone.
17:11 of 2nd period - Off-side.
17:12 of 2nd period - Tyson Jost wins face-off versus John Hayden in neutral zone.
17:40 of 2nd period - Snap shot by Valeri Nichushkin.
17:40 of 2nd period - Stopped by Stuart Skinner without a rebound.
17:41 of 2nd period - Nick Shore wins face-off versus Brett Seney in Condors zone.
17:54 of 2nd period - Wrist shot by Martin Frk.
17:54 of 2nd period - Stopped by Juuse Saros with a rebound.
17:56 of 2nd period - Snap shot by Klim Kostin.
17:56 of 2nd period - Stopped by Juuse Saros without a rebound.
17:57 of 2nd period - Tyson Jost wins face-off versus Brett Howden in Comets zone.
18:02 of 2nd period - Snap shot by Alexandre Carrier.
18:02 of 2nd period - Stopped by Juuse Saros with a rebound.
18:36 of 2nd period - Slapshot by Martin Frk.
18:36 of 2nd period - Stopped by Juuse Saros without a rebound.
18:37 of 2nd period - Connor Hurley wins face-off versus Nicolas Roy in Comets zone.
18:38 of 2nd period - Backhand shot by Cody Glass.
18:38 of 2nd period - Shot Misses the Net.
19:11 of 2nd period - Snap shot by Adam Erne.
19:11 of 2nd period - Deflect By Yegor Sharangovich.
19:11 of 2nd period - Goal by Yegor Sharangovich - Comets : 2 - Condors : 4.
19:12 of 2nd period - Tyson Jost wins face-off versus Brett Seney in neutral zone.
Goals for this period are 0 for Comets vs 3 for Condors.
Shots for this period are 8 for Comets vs 16 for Condors.
3rd period
0:01 of 3rd period - Brett Seney wins face-off versus Adam Erne in neutral zone.
0:13 of 3rd period - Wrist shot by Valeri Nichushkin.
0:13 of 3rd period - Stopped by Stuart Skinner without a rebound.
0:14 of 3rd period - Tyson Jost wins face-off versus John Hayden in Condors zone.
0:27 of 3rd period - Wrist shot by Adam Erne.
0:27 of 3rd period - Shot Blocked by Vincent Desharnais.
0:29 of 3rd period - Snap shot by Tyson Jost.
0:29 of 3rd period - Shot Misses the Net.
0:46 of 3rd period - Backhand shot by Alexandre Texier.
0:46 of 3rd period - Stopped by Stuart Skinner without a rebound.
0:47 of 3rd period - Brett Howden wins face-off versus Tyson Jost in Condors zone.
1:26 of 3rd period - Joonas Donskoi is hit by Gustav Olofsson and loses puck.
1:36 of 3rd period - Icing by Nick Shore.
1:37 of 3rd period - Nicolas Roy wins face-off versus Nick Shore in Condors zone.
1:44 of 3rd period - Backhand shot by Jake Bean.
1:44 of 3rd period - Stopped by Stuart Skinner with a rebound.
1:46 of 3rd period - Slapshot by Jake Bean.
1:46 of 3rd period - Deflect By Martin Frk.
1:46 of 3rd period - Stopped by Stuart Skinner with a rebound.
2:21 of 3rd period - Off-side.
2:22 of 3rd period - Connor Hurley wins face-off versus Brett Seney in neutral zone.
2:25 of 3rd period - Slapshot by Alexandre Carrier.
2:25 of 3rd period - Deflect By Ilya Lyubushkin.
2:25 of 3rd period - Stopped by Juuse Saros without a rebound.
2:26 of 3rd period - Connor Hurley wins face-off versus Brett Seney in Comets zone.
2:43 of 3rd period - Snap shot by Brett Seney.
2:43 of 3rd period - Stopped by Stuart Skinner without a rebound.
2:44 of 3rd period - Tyson Jost wins face-off versus John Hayden in Condors zone.
2:54 of 3rd period - Snap shot by John Hayden.
2:54 of 3rd period - Stopped by Stuart Skinner with a rebound.
2:56 of 3rd period - Snap shot by John Hayden.
2:56 of 3rd period - Stopped by Stuart Skinner with a rebound.
2:58 of 3rd period - Slapshot by Marcus Bjork.
2:58 of 3rd period - Shot Misses the Net.
3:00 of 3rd period - Wrist shot by John Hayden.
3:00 of 3rd period - Deflect By Eeli Tolvanen.
3:00 of 3rd period - Stopped by Stuart Skinner without a rebound.
3:01 of 3rd period - Nick Shore wins face-off versus Mason Marchment in Condors zone.
3:42 of 3rd period - Snap shot by Martin Frk.
3:42 of 3rd period - Deflect By Nick Shore.
3:42 of 3rd period - Stopped by Juuse Saros without a rebound.
3:43 of 3rd period - Adam Erne wins face-off versus Brett Seney in Comets zone.
4:20 of 3rd period - Icing by Marcus Bjork.
4:21 of 3rd period - Martin Frk wins face-off versus Mason Marchment in Comets zone.
4:48 of 3rd period - Snap shot by Yegor Sharangovich.
4:48 of 3rd period - Stopped by Juuse Saros without a rebound.
4:49 of 3rd period - Brett Seney wins face-off versus Tyson Jost in Comets zone.
4:54 of 3rd period - Snap shot by Brett Seney.
4:54 of 3rd period - Stopped by Stuart Skinner without a rebound.
4:55 of 3rd period - Brett Seney wins face-off versus Tyson Jost in Condors zone.
5:08 of 3rd period - Wrist shot by Ilya Lyubushkin.
5:08 of 3rd period - Shot Blocked by Tyson Jost.
5:50 of 3rd period - Off-side.
5:51 of 3rd period - Tyson Jost wins face-off versus Brett Seney in neutral zone.
5:56 of 3rd period - Snap shot by Adam Erne.
5:56 of 3rd period - Shot Misses the Net.
5:58 of 3rd period - Wrist shot by Yegor Sharangovich.
5:58 of 3rd period - Goal by Yegor Sharangovich - Comets : 2 - Condors : 5.
5:59 of 3rd period - Adam Erne wins face-off versus Nicolas Roy in neutral zone.
6:04 of 3rd period - Slapshot by Tyson Jost.
6:04 of 3rd period - Stopped by Juuse Saros with a rebound.
6:26 of 3rd period - Wrist shot by Nick Shore.
6:26 of 3rd period - Stopped by Juuse Saros without a rebound.
6:27 of 3rd period - Nick Shore wins face-off versus Brett Howden in Comets zone.
6:36 of 3rd period - Snap shot by Nick Shore.
6:36 of 3rd period - Stopped by Juuse Saros with a rebound.
6:38 of 3rd period - Snap shot by Nick Shore.
6:38 of 3rd period - Shot Misses the Net.
6:40 of 3rd period - Slapshot by Nikolai Knyzhov.
6:40 of 3rd period - Shot Misses the Net.
6:42 of 3rd period - Slapshot by Jordan Subban.
6:42 of 3rd period - Stopped by Juuse Saros without a rebound.
6:43 of 3rd period - Tyson Jost wins face-off versus Brett Seney in Comets zone.
8:16 of 3rd period - Wrist shot by Joonas Donskoi.
8:16 of 3rd period - Stopped by Stuart Skinner without a rebound.
8:17 of 3rd period - Brett Seney wins face-off versus Tyson Jost in Condors zone.
8:20 of 3rd period - Snap shot by Brett Seney.
8:20 of 3rd period - Shot Misses the Net.
8:22 of 3rd period - Snap shot by Jake Bean.
8:22 of 3rd period - Stopped by Stuart Skinner without a rebound.
8:23 of 3rd period - Brett Seney wins face-off versus Tyson Jost in Condors zone.
8:40 of 3rd period - Joonas Donskoi is hit by Adam Erne and loses puck.
8:47 of 3rd period - Minor Penalty to Jake Bean for Holding.
8:48 of 3rd period - Nick Shore wins face-off versus Brett Seney in Comets zone.
9:15 of 3rd period - Christian Wolanin is hit by Evan Bouchard and loses puck.
10:47 of 3rd period - Penalty to Jake Bean is over, Jake Bean is back on ice.
10:55 of 3rd period - Snap shot by Taro Hirose.
10:55 of 3rd period - Stopped by Juuse Saros without a rebound.
10:56 of 3rd period - Nicolas Roy wins face-off versus Connor Hurley in Comets zone.
11:01 of 3rd period - Slapshot by Vincent Desharnais.
11:01 of 3rd period - Stopped by Stuart Skinner without a rebound.
11:02 of 3rd period - Nicolas Roy wins face-off versus Connor Hurley in Condors zone.
11:30 of 3rd period - Slapshot by Alexandre Texier.
11:30 of 3rd period - Shot Misses the Net.
11:34 of 3rd period - Wrist shot by Alexandre Texier.
11:34 of 3rd period - Shot Misses the Net.
11:36 of 3rd period - Slapshot by Marcus Bjork.
11:36 of 3rd period - Shot Misses the Net.
11:38 of 3rd period - Wrist shot by Alexandre Texier.
11:38 of 3rd period - Stopped by Stuart Skinner with a rebound.
11:54 of 3rd period - Off-side.
11:55 of 3rd period - Brett Seney wins face-off versus Tyson Jost in neutral zone.
12:51 of 3rd period - Off-side.
12:52 of 3rd period - Tyson Jost wins face-off versus Eeli Tolvanen in neutral zone.
12:55 of 3rd period - Wrist shot by Adam Erne.
12:55 of 3rd period - Shot Blocked by Christian Wolanin.
14:22 of 3rd period - Snap shot by Alexandre Texier.
14:22 of 3rd period - Stopped by Stuart Skinner without a rebound.
14:23 of 3rd period - Tyson Jost wins face-off versus John Hayden in Condors zone.
15:16 of 3rd period - Slapshot by Wyatt Kalynuk.
15:16 of 3rd period - Stopped by Stuart Skinner without a rebound.
15:17 of 3rd period - Brett Howden wins face-off versus Tyson Jost in Condors zone.
16:08 of 3rd period - Snap shot by Brett Howden.
16:08 of 3rd period - Stopped by Stuart Skinner with a rebound.
16:10 of 3rd period - Wrist shot by Valeri Nichushkin.
16:10 of 3rd period - Stopped by Stuart Skinner without a rebound.
16:11 of 3rd period - Valeri Nichushkin wins face-off versus Connor Hurley in Condors zone.
16:14 of 3rd period - Wrist shot by Joonas Donskoi.
16:14 of 3rd period - Stopped by Stuart Skinner with a rebound.
16:16 of 3rd period - Wrist shot by Joonas Donskoi.
16:16 of 3rd period - Goal by Joonas Donskoi - Comets : 3 - Condors : 5.
16:17 of 3rd period - Taro Hirose wins face-off versus John Hayden in neutral zone.
16:19 of 3rd period - Minor Penalty to Cody Glass for Delaying the game.
16:20 of 3rd period - Brett Seney wins face-off versus Nick Shore in Condors zone.
16:43 of 3rd period - Icing by Brett Seney.
16:44 of 3rd period - Nick Shore wins face-off versus Brett Seney in Comets zone.
16:59 of 3rd period - Slapshot by Joonas Donskoi.
16:59 of 3rd period - Stopped by Stuart Skinner without a rebound.
17:00 of 3rd period - Nick Shore wins face-off versus Brett Howden in Condors zone.
17:11 of 3rd period - Ilya Lyubushkin is hit by Adam Erne.
17:25 of 3rd period - Joonas Donskoi is hit by Alexandre Carrier and loses puck.
18:19 of 3rd period - Penalty to Cody Glass is over, Cody Glass is back on ice.
18:31 of 3rd period - Brett Seney is hit by Klim Kostin and loses puck.
19:08 of 3rd period - Slapshot by Yegor Sharangovich.
19:08 of 3rd period - Shot Misses the Net.
Goals for this period are 1 for Comets vs 1 for Condors.
Shots for this period are 20 for Comets vs 9 for Condors.